 Dungeon Crawl Stone Soup version 0.31-a0-408-gb642c7f9a3 (webtiles) character file.

Game seed: 7227188141250273336

854 avis the Ruffian (level 8, -9/102 HPs)
             Began as a Hill Orc Shapeshifter on July 30, 2023.
             Was an Initiate of Beogh.
             Mangled by an ogre
             ... wielding a +0 giant spiked club
              (18 damage)
             ... on level 5 of the Dungeon.
             The game lasted 00:23:19 (4150 turns).

avis the Ruffian (Hill Orc Shapeshifter)            Turns: 4150, Time: 00:23:20

Health: -9/102     AC: 24    Str: 20    XL:     8   Next: 1%
Magic:  8/8        EV:  2    Int:  8    God:    Beogh [......]
Gold:   149        SH:  7    Dex: 11    Spells: 7/7 levels left

rFire   . .          .
                       - Unarmed
rCold   . . .        B - +0 kite shield
rNeg    . . .        l - melded +0 chain mail
rPois   +            (helmet currently unavailable)
rElec   .            (cloak currently unavailable)
rCorr   .            f - melded +0 pair of gloves
SInv    .            q - melded +0 pair of boots
Will    .....        u - amulet of the acrobat
Stlth   +            (no ring)
HPRegen 0.37/turn    (no ring)
MPRegen 0.11/turn

%: acrobat
@: tree-form
A: stationary, stasis, torment immunity, boosted hp
a: Renounce Religion


You were on level 5 of the Dungeon.
You worshipped Beogh.
Beogh was noncommittal.
You were a tree.
You visited 1 branch of the dungeon, and saw 5 of its levels.

You collected 149 gold pieces.

Inventory:

Hand Weapons
 o - a +0 spear
 r - a +0 spear
 y - a +0 spear
 A - a +0 spear
 E - a +0 spear
 F - a +0 spear
 H - a +0 spear
 K - a +0 spear
Missiles
 m - a throwing net
 w - 41 stones
 I - 4 javelins
Armour
 a - a +0 buckler
 f - a +0 pair of gloves (melded)
 l - a +0 chain mail (melded)
 q - a +0 pair of boots (melded)
 B - a +0 kite shield (worn)
Magical Staves
 L - a staff of cold
Jewellery
 j - an amulet of magic regeneration
 s - an amulet of reflection
 u - an amulet of the acrobat (around neck)
Talismans
 c - a beast talisman
Wands
 M - a wand of iceblast (8)
Scrolls
 e - 2 scrolls of teleportation {unknown}
 h - a scroll of brand weapon {unknown}
 k - 2 scrolls of fog {unknown}
 n - a scroll of amnesia {unknown}
 t - a scroll of enchant armour {unknown}
 x - a scroll of noise {unknown}
 G - a scroll of identify {unknown}
Potions
 b - 2 potions of haste {unknown}
 d - a potion of resistance
 g - 2 potions of attraction
 i - 3 potions of mutation {unknown}
 p - a potion of cancellation {unknown}
 v - a potion of might {unknown}
 z - a potion of magic {unknown}
 C - a potion of heal wounds {unknown}
 D - 2 potions of degeneration {unknown}


   Skills:
 + Level 5.2 Fighting
 + Level 1.5 Dodging
 + Level 5.8 Unarmed Combat
 + Level 0.5 Invocations
 + Level 5.4 Shapeshifting


You had 7 spell levels left.
You didn't know any spells.
Your spell library was empty.

Dungeon Overview and Level Annotations

Branches:
Dungeon (5/15)
 Temple: D:4-7

Altars:
Gozag

Annotations:
D:4 3 runed translucent doors, RepHenryClay's ghost, amateur FoGl


Message History

You climb upwards.
Level annotation: 3 runed translucent doors, RepHenryClay's ghost, amateur FoGl
There is a stone staircase leading down here.
There is an escape hatch in the floor here.
You slide downwards.
The hatch slams shut behind you.
Found a club.
Found a robe.
An ogre comes into view. It is wielding a +0 giant spiked club.
You hit the ogre.
The ogre is lightly wounded.
The ogre hits you with a +0 giant spiked club!
You hit the ogre but do no damage.
The ogre is lightly wounded.
You punch the ogre!
The ogre is heavily wounded.
The ogre hits you with a +0 giant spiked club!!
You hit the ogre.
The ogre is severely wounded.
The ogre hits you with a +0 giant spiked club!!
* * * LOW HITPOINT WARNING * * *
Really quaff the potion of lignification?
Your transformation has ended.
Your +0 pair of gloves unmelds from your body.
Your +0 pair of boots unmelds from your body.
You turn into a tree.
Your +0 pair of gloves melds into your body.
Your +0 pair of boots melds into your body.
Your +0 chain mail melds into your body.
Your roots penetrate the ground.
You barely miss the ogre.
The ogre is severely wounded.
The ogre hits you with a +0 giant spiked club!
* * * LOW HITPOINT WARNING * * *
You completely miss the ogre.
The ogre is severely wounded.
You block the ogre's attack.
You hit the ogre.
The ogre is almost dead.
The ogre hits you with a +0 giant spiked club!!
You die...

.......#.# #...#
#..## #..#
...#####..###
............#
.#.###......######
#..)...........
#..!...♣O......
#.......#######
###....[# #.#
#.....# #.#
##.#..# ..# #.#..#
..# .....# ... ..
#.## ...


You could see an ogre.

Vanquished Creatures
  Grinder (D:3)
  A black bear (D:4)
  A gnoll sergeant (D:4)
  A scorpion (D:4)
  A gnoll bouda (D:3)
  A jelly (D:4)
  2 hounds (D:4)
  2 orc wizards
  5 adders
  14 gnolls
  3 worms (D:3)
  A dart slug (D:3)
  8 orcs
  11 ball pythons
  4 bats
  6 endoplasms
  5 giant cockroaches
  2 goblins
  10 hobgoblins
  4 jackals (D:4)
  2 quokkas
  6 frilled lizards
  6 kobolds
  3 rats
100 creatures vanquished.

Vanquished Creatures (others)
  An orc priest (D:5)
1 creature vanquished.

Grand Total: 101 creatures vanquished

Notes
Turn   | Place    | Note
-------+----------+-------------------------------------------
     0 | D:1      | avis the Hill Orc Shapeshifter began the quest for the Orb.
     0 | D:1      | Reached XP level 1. HP: 16/16 MP: 1/1
    77 | D:1      | Reached XP level 2. HP: 23/23 MP: 2/2
   284 | D:1      | Reached XP level 3. HP: 23/29 MP: 3/3
   776 | D:2      | Found a faded altar of an unknown god.
  1413 | D:3      | Noticed Grinder
  1515 | D:3      | Reached XP level 4. HP: 24/37 MP: 4/4
  1557 | D:3      | HP: 2/55 [gnoll/+0 spear[a gnoll bouda] (4)]
  1564 | D:3      | Reached XP level 5. HP: 11/45 MP: 5/5
  1820 | D:4      | Reached XP level 6. HP: 21/51 MP: 6/6
  2122 | D:4      | Noticed a black bear
  2124 | D:4      | Noticed RepHenryClay's ghost (amateur FoGl)
  2125 | D:4      | Noticed an ice beast
  2126 | D:4      | Found a runed translucent gate.
  2126 | D:4      | Found a runed translucent gate.
  2173 | D:4      | Found an opulent altar of Gozag.
  2201 | D:4      | Noticed a black bear
  2235 | D:4      | Killed a black bear
  2243 | D:4      | Reached skill level 5 in Unarmed Combat
  2243 | D:4      | Reached XP level 7. HP: 59/59 MP: 7/7
  2594 | D:3      | Paralysed by Grinder for 2 turns
  2611 | D:3      | Paralysed by Grinder for 4 turns
  2615 | D:3      | Killed Grinder
  2616 | D:3      | Reached skill level 5 in Shapeshifting
  2657 | D:3      | Reached skill level 5 in Fighting
  3422 | D:4      | Found a runed translucent gate.
  3853 | D:5      | Entered Level 5 of the Dungeon
  3942 | D:5      | Became a worshipper of Beogh the Brigand
  3992 | D:4      | Reached XP level 8. HP: 56/68 MP: 8/8
  4150 | D:5      | Mangled by an ogre

Illustrated notes

Levels and vault maps discovered:
D:1:      eino_arrival_water_cross, layout_loops_ring
D:2:      layout_loops_ring, shapermc_ecumenical_altar_starsandcircs,
          minmay_split_cup_large
D:3:      layout_loops_cross, cheibrodos_sewer_entry_bend, glass_columns_b,
          uniq_grinder
D:4:      layout_basic, mainiacjoe_overflow_boulevard, serial_corexii_hall,
          chequers_hall_statues_y, chequers_hall_statues_corner_a,
          gammafunk_ghost_split, nicolae_grassy_gnolls
D:5:      layout_loops_ring, nicolae_shop_self_help, uniq_pikel

Skill      XL: |  1  2  3  4  5  6  7 |
---------------+----------------------+-----
Shapeshifting  | 3 4 5 |  5.4
Fighting       | 2 3 4 5 |  5.2
Unarmed Combat | 4 5 |  5.8
Dodging        | |  1.5
Invocations    | |  0.5

Action                     |  1- 3 |  4- 6 |  7- 9 || total
---------------------------+-------+-------+-------++-------
  Melee: Unarmed           |    90 |   109 |   125 ||   324
         Punch             |     1 |       |       ||     1
 Invoke: Convert to Beogh  |       |       |     1 ||     1
Ability: Begin Untransform |     2 |       |       ||     2
    Use: Potion            |       |     7 |     2 ||     9
   Stab: Sleeping          |     1 |       |       ||     1
 Armour: Animal skin       |     5 |       |       ||     5
         Chain mail        |    30 |    15 |    42 ||    87
         Skin              |       |    54 |    11 ||    65
  Dodge: Dodged            |    36 |    31 |    40 ||   107
  Block: Buckler           |     4 |    16 |       ||    20
         Kite shield       |       |    13 |    45 ||    58
   Form: Beast             |     2 |       |       ||     2

Table legend: (Time is in decaauts)
 A = Elapsed time spent in this place.
 B = Non-inter-level travel time spent in this place.
 C = Inter-level travel time spent in this place.
 D = Time resting spent in this place.
 E = Time spent auto-exploring this place.
 F = Levels seen in this place.
 G = Mean time per level.
                   A        B        C        D        E       F      G
               +--------+--------+--------+--------+--------+-----+--------+
         Total |   4162 |   3634 |    528 |    605 |   1749 |   5 |  832.4 |
       Dungeon |   4162 |   3634 |    528 |    605 |   1749 |   5 |  832.4 |
               +--------+--------+--------+--------+--------+-----+--------+

Top non-repeatable levels by time:
     D:4: 1532 daAuts
     D:3: 1087 daAuts
     D:1: 758 daAuts
     D:2: 741 daAuts
     D:5: 42 daAuts
